 Dungeon Crawl Stone Soup version 0.29-a0-920-g5d2155ec51 (webtiles) character file.

Game seed: 5722977550267712403

8 Essalna the Conjurer (level 2, 20/20 HPs)
             Began as a Demonspawn Conjurer on July 27, 2022.
             Got out of the dungeon alive.
             The game lasted 00:00:31 (311 turns).

Essalna the Conjurer (Demonspawn Conjurer)           Turns: 311, Time: 00:00:31

Health: 20/20      AC:  2    Str:  7    XL:     2   Next: 0%
Magic:  3/5        EV: 12    Int: 19    God:
Gold:   20         SH:  0    Dex: 11    Spells: 4/5 levels left

rFire   . . .      SeeInvis .   (no weapon)
rCold   . . .      Faith    .   (no shield)
rNeg    . . .      Spirit   .   a - +0 robe
rPois   .          Reflect  .   (no helmet)
rElec   .          Harm     .   (no cloak)
rCorr   .          Rampage  .   (no gloves)
Will    .....                   (no boots)
Stlth   ++........              (no amulet)
HPRegen 0.06/turn               (no ring)
MPRegen 0.09/turn               (no ring)

@: no status effects
A: hooves 1
a: no special abilities


You escaped.
You visited 1 branch of the dungeon, and saw 1 of its levels.

You collected 20 gold pieces.

Inventory:

Armour
 a - a +0 robe (worn)
Scrolls
 c - a scroll of amnesia {unknown}
Potions
 b - a potion of magic


   Skills:
 + Level 0.8 Fighting
 - Level 1.7 Dodging
 - Level 1.7 Stealth
 + Level 2.2 Spellcasting
 + Level 4.1 Conjurations


You had 4 spell levels left.
You knew the following spells:

 Your Spells              Type           Power      Damage    Failure   Level
a - Magic Dart            Conj           68%        1d6       3%          1

Your spell library contained the following spells:

 Spells                   Type           Power      Damage    Failure   Level
 Searing Ray              Conj           34%        2d5       4%          2
 Dazzling Flash           Conj/Hex       18%        N/A       22%         3
 Fulminant Prism          Conj/Hex       4%         3d6       56%         4
 Iskenderun's Mystic Bla  Conj/Tloc      9%         2d4       56%         4


Dungeon Overview and Level Annotations

Branches:
Dungeon (1/15)

Altars:


Innate Abilities, Weirdness & Mutations

You have large cloven feet.


Message History

Casting: Magic Dart (safe; 3% risk of failure)
Confirm with . or Enter, or press ? or * to list all spells.
Aiming: Magic Dart (safe; 3% risk of failure)
Press: ? - help, Shift-Dir - straight line, f/p - endoplasm
Aim: an endoplasm (lightly wounded, 100% to hit)
The magic dart hits the endoplasm.
You kill the endoplasm!
Casting: Magic Dart (safe; 3% risk of failure)
Confirm with . or Enter, or press ? or * to list all spells.
You can't see any susceptible monsters within range! (Use Z to cast anyway.) Unknown command.
HP restored.
A bat comes into view.
You miscast Magic Dart.
You are very lightly contaminated with residual magic.
Nothing appears to happen.
The magic dart hits the bat.
You kill the bat!
You can't see any susceptible monsters within range! (Use Z to cast anyway.)
You can't see any susceptible monsters within range! (Use Z to cast anyway.)
Your magical contamination has completely faded away.
A kobold comes into view. It is wielding a +0 dagger.
The magic dart hits the kobold.
The kobold is severely wounded.
The magic dart hits the kobold.
You kill the kobold!
You can't see any susceptible monsters within range! (Use Z to cast anyway.)
You can't see any susceptible monsters within range! (Use Z to cast anyway.)
A hobgoblin comes into view.
The magic dart hits the hobgoblin.
The hobgoblin is almost dead.
The hobgoblin shouts!
The magic dart hits the hobgoblin.
You kill the hobgoblin!
You have reached level 2!
Your demonic ancestry asserts itself...
Your feet thicken and deform.
There is a staircase leading out of the dungeon here.
Are you sure you want to leave the Dungeon?
This will make you lose the game!
You have escaped!

#.# #.# #.# #.# #.# #.#
#.# #.# #.#
#.############.###.####.#
#.#............#.#......#
#....########......##
.....##.....#.P...P.#
##...##.....#.......#
#...##.....#...@...#
#...##.....#.......#
#..........#.P...P.#
##................##
###.##.######....###
.##.#....# #.####
.##.####.# #.# .##.#
#.####.# J##.# #......##.


There were no monsters in sight!

Vanquished Creatures
  An endoplasm (D:1)
  A goblin (D:1)
  2 hobgoblins (D:1)
  A kobold (D:1)
  A ball python (D:1)
  A bat (D:1)
7 creatures vanquished.

Notes
Turn   | Place    | Note
-------+----------+-------------------------------------------
     0 | D:1      | Essalna the Demonspawn Conjurer began the quest for the
                  | Orb.
     0 | D:1      | Reached XP level 1. HP: 13/13 MP: 3/3
   282 | D:1      | Gained mutation: You have large cloven feet. [demonic
                  | ancestry]
   282 | D:1      | Reached XP level 2. HP: 20/20 MP: 1/5
   311 | D:$      | Got out of the dungeon alive.

Illustrated notes

Levels and vault maps discovered:
D:1:      dpeg_arrival_orchard, layout_basic, serial_shops, nicolae_diamond_shop

Action                   || total
-------------------------++-------
 Cast: Magic Dart        ||    13

Table legend: (Time is in decaauts)
 A = Elapsed time spent in this place.
 B = Non-inter-level travel time spent in this place.
 C = Inter-level travel time spent in this place.
 D = Time resting spent in this place.
 E = Time spent auto-exploring this place.
 F = Levels seen in this place.
 G = Mean time per level.
                   A        B        C        D        E       F      G
               +--------+--------+--------+--------+--------+-----+--------+
         Total |    311 |    283 |     28 |      0 |    231 |   1 |  311.0 |
       Dungeon |    311 |    283 |     28 |      0 |    231 |   1 |  311.0 |
               +--------+--------+--------+--------+--------+-----+--------+

Top non-repeatable levels by time:
     D:1: 311 daAuts
